 Dungeon Crawl Stone Soup version 0.28.0-43-g3370ac3207 (webtiles) character file.

Game seed: 13556932986526129607

52 crimpus the Bolt Thrower (level 4, 0/26 HPs)
             Began as a Kobold Arcane Marksman on Mar 27, 2022.
             Slain by a kobold
             ... wielding a +0 short sword
              (1 damage)
             ... on level 1 of the Dungeon.
             The game lasted 00:03:06 (1929 turns).

crimpus the Bolt Thrower (Kobold Arcane Marksman)   Turns: 1929, Time: 00:03:07

Health: 0/26       AC:  2    Str:  7    XL:     4   Next: 8%
Magic:  0/5        EV: 15    Int: 14    God:
Gold:   34         SH:  0    Dex: 17    Spells: 4/5 levels left

rFire   . . .      SeeInvis .   c - +0 dagger
rCold   . . .      Faith    .   (no shield)
rNeg    . . .      Spirit   +   d - +0 robe
rPois   .          Reflect  .   (no helmet)
rElec   .          Harm     .   (no cloak)
rCorr   .          Rampage  .   (no gloves)
Will    .....                   (no boots)
Stlth   +++.......              f - amulet of guardian spirit
HPRegen 0.08/turn               (no ring)
MPRegen 0.09/turn               (no ring)

@: no status effects
A: small, no large weapons, nightstalker 3
a: no special abilities


You were on level 1 of the Dungeon.
You visited 1 branch of the dungeon, and saw 2 of its levels.

You collected 34 gold pieces.

Inventory:

Hand Weapons
 a - a +0 hand crossbow
 c - a +0 dagger (weapon)
Armour
 d - a +0 robe (worn)
Jewellery
 b - a ring of protection from fire
 f - an amulet of guardian spirit (around neck)


   Skills:
 * Level 1.7 Fighting
 - Level 3.9 Crossbows
 * Level 2.9 Dodging
 * Level 1.6 Stealth
 - Level 1.1 Spellcasting
 - Level 3.0 Hexes


You had 4 spell levels left.
You knew the following spells:

 Your Spells              Type           Power      Damage    Failure   Level
a - Slow                  Hex            36%        N/A       8%          1

Your spell library contained the following spells:

 Spells                   Type           Power      Damage    Failure   Level
 Pain                     Necr           0%         1d4       26%         1
 Inner Flame              Hex/Fire       5%         N/A       38%         3
 Portal Projectile        Hex/Tloc       10%        N/A       38%         3
 Cause Fear               Hex            4%         N/A       58%         4
 Agony                    Necr           0%         N/A       100%        5
 Excruciating Wounds      Necr           0%         N/A       100%        5


Dungeon Overview and Level Annotations

Branches:
Dungeon (2/15)

Altars:


Innate Abilities, Weirdness & Mutations

You are small and have problems with some larger weapons.
You are completely attuned to the shadows.


Message History

The bat completely misses you. The bat barely misses you.
You see here a hobgoblin corpse.
Unknown command.
Unknown command.
Unknown command.
The kobold hits you with a +0 short sword.
* * * LOW HITPOINT WARNING * * *
There is a stone staircase leading up, spattered with blood here.
You can't go down here!
The kobold completely misses you.
You climb upwards.
There is a stone staircase leading down here.
You hit the kobold but do no damage. The kobold barely misses you.
You barely miss the kobold.
The kobold hits you with a +0 short sword.
* * * LOW HITPOINT WARNING * * *
You hit the kobold.
The kobold is moderately wounded.
The kobold barely misses you.
You barely miss the kobold.
The kobold is moderately wounded.
The kobold hits you with a +0 short sword.
* * * LOW HITPOINT WARNING * * *
You closely miss the kobold.
The kobold is moderately wounded.
The kobold misses you.
You hit the kobold but do no damage.
The kobold is moderately wounded.
The kobold barely misses you.
You barely miss the kobold.
The kobold is moderately wounded.
The kobold closely misses you.
You hit the kobold but do no damage.
The kobold is moderately wounded.
The kobold closely misses you.
You hit the kobold.
The kobold is severely wounded.
The kobold hits you with a +0 short sword.
You die...

≈≈.######.≈≈≈≈.≈≈≈≈≈.+#####
≈P≈.(<##..................#
########......#..##.......#
#### #...........##.......#
#... #.#....#..#.##.......#
#.## #.#....##.#.##.......#
#.## #.#######...##.......#
#... #.# ##K.##.......#
#### #.# #.@.....##### #
#.# #......#### #
#.########......##.### #
#...............##.#P## #
##########......##.#.P##
### #.[.......#.P.###.≈
#......#..≈≈P..PP≈.
#......##.#.≈≈≈≈≈P#
###'#####.#PPPP.###


You could see a kobold.

Vanquished Creatures
  A gnoll (D:1)
  A worm (D:2)
  3 endoplasms (D:1)
  3 giant cockroaches (D:1)
  6 hobgoblins
  4 jackals (D:1)
  A kobold (D:2)
  3 quokkas
  3 ball pythons (D:1)
  5 bats (D:1)
  3 frilled lizards (D:1)
  A rat (D:1)
34 creatures vanquished.

Notes
Turn   | Place    | Note
-------+----------+-------------------------------------------
     0 | D:1      | crimpus the Kobold Arcane Marksman began the quest for the
                  | Orb.
     0 | D:1      | Reached XP level 1. HP: 12/12 MP: 2/2
    94 | D:1      | Reached XP level 2. HP: 16/16 MP: 3/3
   244 | D:1      | Reached skill level 1 in Stealth
   488 | D:1      | Reached XP level 3. HP: 9/20 MP: 4/4
  1076 | D:1      | Found a faded altar of an unknown god.
  1281 | D:2      | Reached XP level 4. HP: 23/26 MP: 5/5
  1924 | D:1      | HP: 1/26 [kobold/+0 short sword (2)]
  1929 | D:1      | Slain by a kobold

Illustrated notes

Levels and vault maps discovered:
D:1:      lightli_arrival_flooded_house, layout_basic,
          shapermc_ecumenical_altar_hornbeckon, minivault_14, minmay_door_square
D:2:      layout_loops_ring, st_stairs_7, uniq_crazy_yiuf_cottage, uniq_jessica

Skill      XL: |  1  2 |
---------------+-------+-----
Stealth        | 1 |  1.6
Crossbows      | 3 |  3.9
Fighting       | |  1.7
Dodging        | |  2.9
Spellcasting   | |  1.1
Hexes          | |  3.0

Action                   |  1- 3 |  4- 6 || total
-------------------------+-------+-------++-------
Melee: Dagger            |       |    30 ||    30
       Unarmed           |       |     8 ||     8
       Hand crossbow     |       |     3 ||     3
       Punch             |       |     1 ||     1
 Fire: Hand crossbow     |    70 |    11 ||    81
  Use: Scroll            |       |     1 ||     1
 Stab: Sleeping          |       |     1 ||     1
Armor: Robe              |     8 |    11 ||    19
Dodge: Dodged            |    55 |    63 ||   118
